 Dungeon Crawl Stone Soup version 0.22.0-27-ga576289601 (webtiles) character file.

71 Hanswurst the Chopper (level 4, -3/40 HPs)
             Began as a Hill Orc Monk on Aug 22, 2018.
             Slain by a goblin
             ... wielding a +2 dagger of distortion
              (16 damage)
             ... on level 2 of the Dungeon.
             The game lasted 00:11:21 (1367 turns).

Hanswurst the Chopper (Hill Orc Monk)               Turns: 1367, Time: 00:11:21

Health: -3/40      AC:  9    Str: 14    XL:     4   Next: 24%
Magic:  4/4        EV:  4    Int: 10    God:
Gold:   55         SH:  7    Dex: 13    Spells: 3/3 levels left

rFire    . . .     SeeInvis .   d - +0 hand axe
rCold    . . .     Gourm    .   a - +0 shield
rNeg     . . .     Faith    .   o - +0 chain mail
rPois    .         Spirit   .   (no helmet)
rElec    .         Reflect  .   (no cloak)
rCorr    .         Harm     +   (no gloves)
MR       .....                  p - +0 pair of boots {Fly}
Stlth    ..........             g - amulet of harm
HPRegen  0.13/turn              (no ring)
MPRegen  0.09/turn              (no ring)

@: flying
A: no striking features
a: Stop Flying


You were on level 2 of the Dungeon.
You were not hungry.

You visited 1 branch of the dungeon, and saw 2 of its levels.

You collected 55 gold pieces.

Inventory:

Hand Weapons
 d - a +0 hand axe (weapon)
Missiles
 i - 33 sling bullets
 q - 2 stones (quivered)
Armour
 a - a +0 shield (worn)
 b - a +0 robe
 k - a +0 ring mail
 l - a +0 scale mail
 o - a +0 chain mail (worn)
 p - a +0 pair of boots of flying (worn)
Jewellery
 g - an amulet of harm (around neck)
 j - an uncursed amulet of harm
 m - an uncursed amulet of magic regeneration {unknown}
Scrolls
 e - 2 scrolls of enchant weapon {unknown}
 h - 2 scrolls of remove curse {unknown}
 s - a scroll of immolation {unknown}
Potions
 n - a potion of heal wounds {unknown}
 r - a potion of agility {unknown}
Comestibles
 c - a ration
 f - 3 chunks of flesh


   Skills:
 + Level 4.3 Fighting
 + Level 4.9 Axes
 + Level 1.4 Armour
 + Level 2.8 Dodging
 + Level 1.6 Stealth
 + Level 0.4 Shields


You had 3 spell levels left.
You didn't know any spells.
Your spell library was empty.

Dungeon Overview and Level Annotations

Branches:
Dungeon (2/15)

Altars:


Message History

Your chain mail prevents you from hitting the goblin.
You closely miss the crimson imp. The goblin hits you but does no damage.
You feel strangely unstable.
The crimson imp hits you but does no damage.
The goblin hits you but does no damage. Space warps horribly around you!
Ouch! That really hurt!
You hit the goblin but do no damage.
You hit the crimson imp but do no damage.
You block the crimson imp's attack. The goblin hits you but does no damage.
You feel strangely stable.
The crimson imp shouts, "Away with thee, thou pribbling fly-bitten apple-john!"
You block the crimson imp's attack.
The goblin hits you with a dagger of distortion.
You hit the goblin but do no damage. You miss the crimson imp.
You block the crimson imp's attack. The goblin barely misses you.
You closely miss the goblin.
Your chain mail prevents you from hitting the crimson imp.
You block the crimson imp's attack. The goblin hits you but does no damage.
Space warps horribly around you!
You die...

#..#
#..###.######.##.
##.# #.##
#........... #.#
#.# #######..#..
#.###.# #.(####
#.....# ###.## #
###..## #...# #
#...# ##.### #
#.#g## #..# #
...#@.# ##.## #
.....##5## #..# #
.......
#..####.## .
###...# ##...##.#
.... ###..#.#
.g... ##...#
#..........#
............#
##..........#


You could see a crimson imp and a goblin.

Vanquished Creatures
  3 adders (D:2)
  A gnoll (D:1)
  An ooze (D:1)
  2 dart slugs
  A leopard gecko (D:1)
  3 bats
  3 giant cockroaches
  3 goblins
  2 hobgoblins
  2 frilled lizards
  2 kobolds
  2 rats (D:1)
25 creatures vanquished.

Notes
Turn   | Place    | Note
-------+----------+-------------------------------------------
     0 | D:1      | Hanswurst the Hill Orc Monk began the quest for the Orb.
     0 | D:1      | Reached XP level 1. HP: 19/19 MP: 1/1
   295 | D:1      | Reached XP level 2. HP: 13/27 MP: 2/2
   735 | D:1      | Reached XP level 3. HP: 25/33 MP: 3/3
  1235 | D:2      | Reached skill level 1 in Armour
  1235 | D:2      | Reached XP level 4. HP: 40/40 MP: 4/4
  1367 | D:2      | Slain by a goblin

Skill      XL: |  1  2  3 |
---------------+----------+-----
Fighting       | 4 |  4.3
Armour         | 1 |  1.4
Axes           | |  4.9
Dodging        | |  2.8
Stealth        | |  1.6
Shields        | |  0.4

Action                   |  1- 3 |  4- 6 || total
-------------------------+-------+-------++-------
Melee: Hand axe          |   125 |    25 ||   150
  Eat: Chunk             |     1 |     1 ||     2
Armor: Ring mail         |    11 |       ||    11
       Scale mail        |     8 |       ||     8
       Chain mail        |    55 |    17 ||    72
Dodge: Dodged            |    42 |     2 ||    44
Block: Shield            |    29 |     9 ||    38
